 Dungeon Crawl Stone Soup version 0.18.1-48-g4cf74bf (webtiles) character file.

72 Gargoyl the Skirmisher (level 4, 37/37 HPs)
             Began as a Demonspawn Abyssal Knight on Aug 20, 2016.
             Was a Follower of Lugonu.
             Quit the game on level 2 of the Dungeon.
             The game lasted 00:03:12 (1163 turns).

Gargoyl the Skirmisher (Demonspawn Abyssal Knight)  Turns: 1163, Time: 00:03:13

Health: 37/37      AC: 14    Str: 13    XL:     4   Next: 6%
Magic:  5/5        EV:  3    Int: 14    God:    Lugonu [*.....]
Gold:   90         SH:  0    Dex: 12    Spells: 0 memorised, 3 levels left

rFire  . . .     SeeInvis .     a - +2 hand axe
rCold  . . .     Gourm    .     l - +0 plate armour
rNeg   . . .     Faith    .     (no shield)
rPois  .         Spirit   +     (no helmet)
rElec  .         Dismiss  .     (no cloak)
rCorr  .         Reflect  .     (no gloves)
SustAt .         Harm     .     k - +0 pair of boots
MR     .....                    e - amulet of regeneration
Stlth  ..........               (no ring)
                                (no ring)

@: not resistant to hostile enchantments, extremely unstealthy
A: hooves 1, thin metallic scales 1, magic shield
a: Depart the Abyss, Renounce Religion


You were on level 2 of the Dungeon.
You worshipped Lugonu.
Lugonu was aware of your devotion.
You were not hungry.

You visited 1 branch of the dungeon, and saw 2 of its levels.
You visited the Abyss 1 time.

You collected 90 gold pieces.

Inventory:

Hand Weapons
 a - a +2 hand axe (weapon)
Armour
 k - a +0 pair of boots (worn)
 l - a +0 plate armour (worn)
Jewellery
 e - an amulet of regeneration (around neck)
Scrolls
 b - 4 scrolls of identify
 g - a scroll of enchant weapon
 h - a scroll of remove curse {unknown}
 i - a scroll of recharging {unknown}
 j - a scroll of teleportation {unknown}
Potions
 d - a potion of flight {unknown}
 m - 2 potions of mutation {unknown}
 n - a potion of resistance {unknown}
Comestibles
 c - a bread ration
 f - a beef jerky


   Skills:
 + Level 3.8 Fighting
 + Level 2.2 Axes
 * Level 2.6 Armour
 + Level 1.4 Dodging
 + Level 2.4 Invocations


You had 3 spell levels left.
You didn't know any spells.

Dungeon Overview and Level Annotations

Branches:
Dungeon (2/15)

Altars:


Innate Abilities, Weirdness & Mutations

You have large cloven feet.
You are partially covered in thin metallic scales (AC +2).
When hurt, damage is shared between your health and your magic reserves.


Message History

Ijyb is severely wounded.
Ijyb screams, "Level is mine!
All mine!"
Ijyb hits you but does no damage.
You closely miss Ijyb.
Ijyb is severely wounded.
Ijyb screams, "Me stronger than you!" Ijyb hits you but does no damage.
You closely miss Ijyb.
Ijyb is severely wounded.
Ijyb hits you but does no damage. x2
You hit Ijyb.
Ijyb is almost dead.
Ijyb hits you but does no damage.
You hit Ijyb.
You kill Ijyb!
Lugonu accepts your kill.
You have reached level 4!
You feel clever.
Your demonic ancestry asserts itself...
You feel your magical essence form a protective shroud around your flesh.
Are you sure you want to abandon this character and quit the game? (Confirm with "yes".)

##..##.......#.
#..##.###...#.
#.###.####.... ##########
#..##.........
#......?.#####..#..........
#........#!..(........#....
#.......................##.
#.........).....#.....###..
#.......†<@..........####..
#...............##.#.......
#########.......##.....#...
#.>.....# ...#...##
#........< # ###...
#.......### ###. #.......#
#. #....#### #. ...


There were no monsters in sight!

Vanquished Creatures
  Ijyb (D:2)
  An adder (D:2)
  2 giant geckos
  2 giant cockroaches
  4 goblins
  4 hobgoblins
  2 quokkas (D:2)
  6 bats
  3 giant newts
  6 kobolds
  4 rats (D:2)
35 creatures vanquished.

Notes
Turn   | Place    | Note
--------------------------------------------------------------
     0 | Abyss:1  | Gargoyl the Demonspawn Abyssal Knight began the quest for the Orb.
     0 | Abyss:1  | Reached XP level 1. HP: 18/18 MP: 2/2
    51 | Abyss:2  | Noticed a large abomination
    59 | Abyss:2  | Noticed an iron imp
    61 | D:1      | Escaped the Abyss
   240 | D:1      | Reached skill level 1 in Dodging
   386 | D:1      | Gained mutation: You are partially covered in thin metallic scales (AC +2). [demonic ancestry]
   386 | D:1      | Reached XP level 2. HP: 24/24 MP: 3/3
   395 | D:1      | Reached * piety under Lugonu
   986 | D:2      | Gained mutation: You have large cloven feet. [demonic ancestry]
   986 | D:2      | Reached XP level 3. HP: 29/29 MP: 4/4
  1118 | D:2      | Noticed Ijyb
  1162 | D:2      | Killed Ijyb
  1162 | D:2      | Gained mutation: When hurt, damage is shared between your health and your magic reserves. [demonic ancestry]
  1162 | D:2      | Reached XP level 4. HP: 37/37 MP: 5/5
  1163 | D:2      | Quit the game

Skill      XL: |  1  2 |
---------------+-------+-----
Armour         | 2 |  2.6
Dodging        | 1 |  1.4
Axes           | 2 |  2.2
Fighting       | |  3.8
Invocations    | |  2.4

Action                   |  1- 3 |  4- 6 || total
-------------------------+-------+-------++-------
Melee: Hand axe          |   131 |       ||   131
Invok: Depart the Abyss  |     1 |       ||     1
  Use: Scroll            |     3 |       ||     3
  Eat: Chunk             |     1 |       ||     1
Armor: Scale mail        |    46 |       ||    46
       Plate armour      |    81 |       ||    81
Dodge: Dodged            |    76 |       ||    76
